 Dungeon Crawl Stone Soup version 0.31-a0-152-g6aa68a64a1 (webtiles) character file.

Game seed: 8211996705048473370

4986 qw the Skirmisher (level 10, -9/91 HPs)
             Began as a Minotaur Hunter on June 9, 2023.
             Was a Follower of Okawaru.
             Mangled by a hornet (14 damage)
             ... on level 8 of the Dungeon.
             The game lasted 00:02:28 (7096 turns).

qw the Skirmisher (Minotaur Hunter)                 Turns: 7096, Time: 00:02:29

Health: -9/91      AC:  8    Str: 16    XL:     10   Next: 29%
Magic:  10/10      EV: 15    Int:  6    God:    Okawaru [*.....]
Gold:   493        SH:  5    Dex: 18    Spells: 9/9 levels left

rFire   . . .        Y - +0 arbalest (elec)
rCold   . . .        (shield currently unavailable)
rNeg    . . .        l - +2 robe {Will+}
rPois   .            (helmet restricted)
rElec   .            (no cloak)
rCorr   .            b - +0 pair of gloves
SInv    .            h - +1 pair of boots
Will    +....        k - amulet of reflection
Stlth   ++           (no ring)
HPRegen 0.35/turn    (no ring)
MPRegen 0.12/turn

%: reflection, clarity
@: lethally poisoned (-9 -> -14), about to teleport, slowed, very slow
A: horns 2, retaliatory headbutt, clarity, shaggy fur 1
a: Renounce Religion, Heroism


You were on level 8 of the Dungeon.
You worshipped Okawaru.
Okawaru was aware of your devotion.
You visited 2 branches of the dungeon, and saw 9 of its levels.

You collected 493 gold pieces.


Innate Abilities, Weirdness & Mutations

You have a pair of horns on your head.
You reflexively headbutt those who attack you in melee.
You possess an exceptional clarity of mind.
You are covered in fur. (AC +1)


   Skills:
 - Level 9.0 Fighting
 + Level 13.0 Ranged Weapons
 - Level 4.3 Armour
 - Level 6.4 Dodging
 - Level 0.7 Stealth
 + Level 2.0 Invocations


You had 9 spell levels left.
You didn't know any spells.
Your spell library was empty.

Inventory:

Hand Weapons
 j - the +11 longbow of Green Tenacity {antimagic, Int+3}
   (You acquired it on level 4 of the Dungeon)

   Int:       It affects your intelligence (+3).
 Y - a +0 arbalest of electrocution (weapon)
Armour
 b - a +0 pair of gloves (worn)
 h - a +1 pair of boots (worn)
 l - a +2 robe of willpower (worn)
Jewellery
 e - a ring of ice
 k - an amulet of reflection (around neck)
Wands
 m - a wand of digging (1)
Scrolls
 a - a scroll of torment {unknown}
 i - 2 scrolls of identify
 p - 2 scrolls of teleportation
Potions
 c - 2 potions of haste
 d - 2 potions of mutation
 g - 2 potions of curing
 n - 3 potions of brilliance {unknown}

Dungeon Overview and Level Annotations

Branches:
Dungeon (8/15)             Temple (1/1) D:7            Lair (0/5) D:8

Altars:
Ashenzari
Cheibriados
Elyvilon
Fedhas
Gozag
Hepliaklqana
Kikubaaqudgha
Makhleb
Nemelex Xobeh
Okawaru
Ru
Sif Muna
Trog
Uskayaw
Vehumet
Wu Jian
Xom
Yredelemnul
Zin
The Shining One

Annotations:
D:6 2 transporters, qw's ghost, novice GrFi


Message History

You block the hornet's attack. You block the bullfrog's attack.
The hornet stings you!
You suddenly lose the ability to move!
You feel yourself speed up. The bullfrog hits you. The hornet stings you.
You feel yourself slow down. The orc hits you with a +0 hand axe.
The bullfrog completely misses you. The hornet stings you.
You feel as though you will be slow longer.
The bullfrog hits you but does no damage.
The orc hits you but does no damage.
The hornet stings you but does no damage.
You can move again.
You shoot a bolt. The bolt barely misses the hornet.
You block the bullfrog's attack. The hornet stings you!
You feel as though you will be slow longer.
The bullfrog misses you. The orc priest misses you.
The orc hits you but does no damage. The hornet closely misses you.
You furiously retaliate!
You headbutt the hornet! The bullfrog misses you. The orc priest misses you.
The orc closely misses you.
You shoot a bolt.
The bolt hits the hornet but does no damage.
The hornet is almost dead.
You feel like a meek peon again. The hornet stings you!
You are poisoned.
You feel as though you will be slow longer.
The bullfrog hits you. The hornet closely misses you.
The orc hits you but does no damage.
The orc priest calls down the wrath of Beogh upon you.
Beogh smites you! The bullfrog hits you. The hornet barely misses you.
7096 ||| READING 3 scrolls of teleportation.
As you read the scroll of teleportation, it crumbles to dust.
You feel strangely unstable.
You feel very sick. The bullfrog closely misses you.
The hornet stings you but does no damage.
The orc priest hits you with a +0 flail.
You block the orc's attack.
The bullfrog swells and bulges.
The bullfrog misses you. The hornet stings you!
You die...

.........#...............#
...$....)#.........##....#
.........#.............#.#
.......).')..............#
######...#...#####.#######
........... ..#.#77.7
........#####.#.#7.77
......oyF.....#.#77.77
#####.%@........#777.7
#..o........#7...7##
#...........#.###.#.
##.)........#.#.#.7.
#.......#....#.'...
#.......##.#.#.#.7.
#.......##.#.###.#.
....####.##.#7. .7## #.##.
#.##.# 77.


You could see a hornet, a bullfrog, an orc priest and an orc.

Vanquished Creatures
  A boulder beetle (D:6)
  Grinder (D:5)
  A wyvern (D:7)
  5 yaks (D:8)
  A steam dragon (D:7)
  Edmund (D:6)
  A water moccasin (D:7)
  2 orc warriors
  3 ice beasts
  A sky beast (D:8)
  A black bear (D:7)
  4 ogres
  A phantom (D:5)
  A centaur (D:8)
  3 bullfrogs
  A gnoll sergeant (D:8)
  3 scorpions
  6 killer bees (D:8)
  An electric eel (D:8)
  3 howler monkeys
  4 hounds
  6 orc priests
  3 jellies
  A gnoll bouda (D:6)
  3 sleepcaps
  An iguana (D:5)
  11 orc wizards
  6 gnolls
  8 adders
  A shadow imp (D:8)
  A white imp (D:7)
  2 worms (D:2)
  A dart slug (D:1)
  28 orcs
  An endoplasm (D:1)
  A giant cockroach (D:3)
  3 goblins
  6 hobgoblins
  3 jackals (D:4)
  2 kobolds
  3 quokkas
  7 ball pythons
  3 bats
  3 frilled lizards
  9 rats
158 creatures vanquished.

Notes
Turn   | Place    | Note
-------+----------+-------------------------------------------
     0 | D:1      | qw the Minotaur Hunter began the quest for the Orb.
     0 | D:1      | Reached XP level 1. HP: 18/18 MP: 0/0
     0 | D:1      | 0 ||| qw: Version: 0.2-a-121-gba3a3e5
     0 | D:1      | 0 ||| qw: Game counter: 3186
     0 | D:1      | 0 ||| qw: Always use a shield: true
     0 | D:1      | 0 ||| qw: God list: Okawaru
     0 | D:1      | 0 ||| qw: Allow faded altars: false
     0 | D:1      | 0 ||| qw: Do Orc after D:15 true
     0 | D:1      | 0 ||| qw: Do second Lair branch before Depths: true
     0 | D:1      | 0 ||| qw: Lair rune preference: random
     0 | D:1      | 0 ||| qw: Plans: Normal
     0 | D:1      | 0 ||| PLANNING D:1-11
   100 | D:1      | Found a faded altar of an unknown god.
   177 | D:1      | Reached XP level 2. HP: 25/25 MP: 1/1
   253 | D:1      | Reached skill level 5 in Ranged Weapons
   355 | D:1      | 355 ||| DROPPING scroll of butterflies.
   770 | D:2      | Reached skill level 3 in Fighting
   925 | D:2      | 925 ||| STAIRDANCE
   929 | D:1      | Reached XP level 3. HP: 17/31 MP: 2/2
   995 | D:1      | 995 ||| READING scroll labelled DUMIRE HACEMU.
   996 | D:1      | 996 ||| DRINKING 3 lumpy purple potions.
   997 | D:1      | 997 ||| DRINKING 2 fizzy dark potions.
   997 | D:1      | Gained mutation: You are covered in fur. (AC +1) [potion of
                  | mutation]
   997 | D:1      | Gained mutation: You possess an exceptional clarity of
                  | mind. [potion of mutation]
   998 | D:1      | 998 ||| DROPPING 2 potions of degeneration.
  1275 | D:2      | 1275 ||| UPGRADING to +0 ring mail.
  1285 | D:2      | 1285 ||| DROPPING +0 leather armour.
  1314 | D:3      | Reached skill level 1 in Armour
  1319 | D:3      | 1319 ||| STAIRDANCE
  1409 | D:3      | 1409 ||| STAIRDANCE
  1412 | D:2      | HP: 5/31 [orc priest/divine providence (14)]
  1416 | D:2      | Reached skill level 6 in Ranged Weapons
  1416 | D:2      | Reached XP level 4. HP: 5/38 MP: 3/3
  1828 | D:3      | Reached XP level 5. HP: 35/46 MP: 4/4
  2120 | D:3      | 2120 ||| UPGRADING to +0 pair of gloves.
  2125 | D:3      | 2125 ||| UPGRADING to +1 pair of boots.
  2130 | D:3      | 2130 ||| READING scroll labelled HUWNASTR FYCHU.
  2131 | D:3      | 2131 ||| DRINKING 2 red potions.
  2132 | D:3      | 2132 ||| DRINKING 2 emerald potions.
  2148 | D:4      | 2148 ||| STAIRDANCE
  2259 | D:4      | 2259 ||| STAIRDANCE
  2278 | D:4      | 2278 ||| STAIRDANCE
  2435 | D:4      | Found a hide-covered altar of Uskayaw.
  2435 | D:4      | Noticed a +0 dagger
  2435 | D:4      | Noticed a +0 hand axe
  2468 | D:4      | Found a shimmering altar of Xom.
  2470 | D:4      | Found a shimmering altar of Xom.
  2473 | D:4      | Reached skill level 7 in Ranged Weapons
  2473 | D:4      | Found a shimmering altar of Xom.
  2473 | D:4      | Found a shimmering altar of Xom.
  2473 | D:4      | Found a shimmering altar of Xom.
  2475 | D:4      | Found a shimmering altar of Xom.
  2475 | D:4      | Found a shimmering altar of Xom.
  2475 | D:4      | Found a shimmering altar of Xom.
  2475 | D:4      | Found a shimmering altar of Xom.
  2475 | D:4      | Found a shimmering altar of Xom.
  2636 | D:4      | Reached XP level 6. HP: 50/52 MP: 5/5
  2748 | D:4      | Found a broken altar of Ashenzari.
  2877 | D:4      | 2877 ||| UPGRADING to amulet of reflection.
  2882 | D:4      | 2882 ||| READING 2 scrolls labelled WIANIFROAQI.
  2883 | D:4      | 2883 ||| READING scroll labelled TIZULI VIGAL.
  2883 | D:4      | Identified a scroll of acquirement
  2883 | D:4      | 2883 ||| ACQUIRING +11 longbow of Green Tenacity
                  | {antimagic, Int+3}
  2883 | D:4      | Acquired the +11 longbow of Green Tenacity {antimagic,
                  | Int+3}
  2885 | D:4      | 2885 ||| SWAPPING to +11 longbow of Green Tenacity
                  | {antimagic, Int+3}.
  2886 | D:4      | 2886 ||| DROPPING +0 shortbow.
  2887 | D:4      | 2887 ||| READING scroll labelled YWITHALLAO.
  2888 | D:4      | 2888 ||| DRINKING 2 bubbling pink potions.
  2912 | D:5      | Entered Level 5 of the Dungeon
  2985 | D:5      | Reached skill level 8 in Ranged Weapons
  3105 | D:5      | Reached XP level 7. HP: 60/60 MP: 2/6
  3130 | D:5      | Found a glowing silver altar of Zin.
  3165 | D:5      | Found an opulent altar of Gozag.
  3165 | D:5      | Noticed Grinder
  3168 | D:5      | Paralysed by Grinder for 3 turns
  3171 | D:5      | 3171 ||| FLEEEEING.
  3177 | D:5      | 3177 ||| FLEEEEING.
  3178 | D:5      | 3178 ||| FLEEEEING.
  3185 | D:5      | 3185 ||| FLEEEEING.
  3186 | D:5      | 3186 ||| FLEEEEING.
  3191 | D:5      | Killed Grinder
  3421 | D:5      | Reached skill level 9 in Ranged Weapons
  3421 | D:5      | Reached XP level 8. HP: 68/68 MP: 2/7
  3703 | D:5      | Reached skill level 6 in Fighting
  3845 | D:5      | 3845 ||| READING scroll labelled GYMPESTR PO XAS.
  3950 | D:6      | Found a transporter.
  3952 | D:6      | Found a transporter.
  3953 | D:6      | Noticed qw's ghost (novice GrFi)
  3967 | D:6      | Noticed a hornet
  3993 | D:6      | 3993 ||| FLEEEEING.
  3994 | D:6      | 3994 ||| FLEEEEING.
  3995 | D:6      | 3995 ||| FLEEEEING.
  3996 | D:6      | 3996 ||| FLEEEEING.
  4029 | D:6      | Reached skill level 10 in Ranged Weapons
  4055 | D:6      | Reached skill level 3 in Armour
  4086 | D:6      | Noticed Edmund
  4091 | D:6      | Killed Edmund
  4111 | D:6      | Noticed a boulder beetle
  4126 | D:6      | Killed a boulder beetle
  4127 | D:6      | Reached skill level 11 in Ranged Weapons
  4127 | D:6      | Reached XP level 9. HP: 47/79 MP: 2/8
  4777 | D:6      | 4777 ||| READING scroll labelled ENOFRE ENTOA.
  4778 | D:6      | 4778 ||| READING scroll labelled LUHUTU VUBLOCE.
  4861 | D:7      | Reached skill level 12 in Ranged Weapons
  5032 | D:7      | Found a hazy altar of Hepliaklqana.
  5086 | D:7      | Found a staircase to the Ecumenical Temple.
  5087 | D:7      | 5087 ||| PLANNING TEMPLE
  5088 | D:7      | 5088 ||| READING scroll labelled JIDEUSKO UKEMAEQU.
  5089 | D:7      | 5089 ||| READING 2 scrolls of identify.
  5089 | D:7      | 5089 ||| IDENTIFYING amethyst potion
  5090 | D:7      | 5090 ||| DROPPING potion of lignification.
  5095 | Temple   | Entered the Ecumenical Temple
  5129 | Temple   | 5129 ||| PLANNING OKAWARU WORSHIP
  5257 | Temple   | Became a worshipper of Warmaster Okawaru
  5257 | Temple   | 5257 ||| PLANNING D:1-11
  5522 | D:7      | 5522 ||| SWAPPING to +0 arbalest.
  5585 | D:7      | Found a blossoming altar of Fedhas.
  5858 | D:7      | 5858 ||| UPGRADING to +2 robe of willpower.
  5868 | D:7      | 5868 ||| DROPPING +0 ring mail.
  5869 | D:7      | 5869 ||| READING scroll labelled COWAGI JUUSK.
  5870 | D:7      | 5870 ||| READING 2 scrolls of identify.
  5870 | D:7      | 5870 ||| IDENTIFYING metallic emerald potion
  5871 | D:7      | 5871 ||| DROPPING potion of enlightenment.
  5980 | D:8      | 5980 ||| FLEEEEING.
  5981 | D:8      | 5981 ||| FLEEEEING.
  6224 | D:8      | Found a staircase to the Lair.
  6240 | D:8      | Reached skill level 6 in Dodging
  6247 | D:8      | Reached * piety under Okawaru
  6248 | D:8      | 6248 ||| INVOKING Heroism.
  6256 | D:8      | Reached XP level 10. HP: 28/88 MP: 7/9
  6462 | D:8      | Reached skill level 1 in Invocations
  6551 | D:8      | 6551 ||| READING scroll of brand weapon.
  6551 | D:8      | 6551 ||| BRANDING +0 arbalest.
  6582 | D:8      | 6582 ||| INVOKING Heroism.
  6592 | D:8      | 6592 ||| INVOKING Heroism.
  6594 | D:8      | Reached skill level 13 in Ranged Weapons
  6598 | D:8      | Paralysed by a hornet for 2 turns
  6601 | D:8      | HP: 21/88 [poisoned by a hornet]
  6602 | D:8      | 6602 ||| READING 4 scrolls of teleportation.
  6603 | D:8      | 6603 ||| DRINKING potion of heal wounds.
  6782 | D:8      | Found a shimmering blue altar of Sif Muna.
  6822 | D:8      | 6822 ||| FLEEEEING.
  6823 | D:8      | 6823 ||| FLEEEEING.
  7083 | D:8      | 7083 ||| INVOKING Heroism.
  7088 | D:8      | Reached skill level 9 in Fighting
  7091 | D:8      | Paralysed by a hornet for 3 turns
  7095 | D:8      | HP: 13/91 [orc priest/divine providence (13)]
  7096 | D:8      | 7096 ||| READING 3 scrolls of teleportation.
  7096 | D:8      | HP: 5/91 [orc priest/+0 flail (2)]
  7096 | D:8      | Mangled by a hornet

Levels and vault maps discovered:
D:1:      wander_arrival_peaceful_grave, layout_basic,
          shapermc_ecumenical_altar_gd, hangedman_glass_teeth
D:2:      layout_rooms
D:3:      layout_rooms
D:4:      layout_loops_ring, xom_redecorated, dancing_weapons_uskayaw,
          mainiacjoe_overflow_catwalk
D:5:      layout_basic, pdpol_temple_overflow_zin_treasury_gozag_greed,
          uniq_grinder
D:6:      layout_basic, gammafunk_ghost_hive, uniq_edmund
D:7:      nicolae_cairo_tiling, layout_loops_ring,
          mainiacjoe_overflow_catwalk_spiral, temple_fountains
D:8:      nzn_winding_woodlands_stair_cross
          [nzn_winding_woodlands_5x15_river_crossing,
          nzn_winding_woodlands_center_diamonds,
          nzn_winding_woodlands_5x15_longhouse,
          nzn_winding_woodlands_5x5_default,
          nzn_winding_woodlands_5x5_perimeter,
          nzn_winding_woodlands_5x15_jagged,
          nzn_winding_woodlands_center_garden,
          nzn_winding_woodlands_5x15_cabin], layout_basic,
          nicolae_qazlal_beasts_of_the_sky, nicolae_sif_muna_condensation
Temple:   hellmonk_temple_flake

Skill      XL: |  1  2  3  4  5  6  7  8  9 10 |
---------------+-------------------------------+-----
Ranged Weapons | 5 6 7 8 9 11 12 13 | 13.0
Fighting       | 3 4 5 7 8 9 |  9.0
Armour         | 1 2 3 4 |  4.3
Dodging        | 4 6 |  6.4
Invocations    | 2 |  2.0
Stealth        | |  0.7

Action                     |  1- 3 |  4- 6 |  7- 9 | 10-12 || total
---------------------------+-------+-------+-------+-------++-------
   Fire: Shortbow          |    91 |   117 |       |       ||   208
         Longbow           |       |    15 |   142 |       ||   157
         Arbalest          |       |       |    48 |    65 ||   113
 Invoke: Heroism           |       |       |     1 |     3 ||     4
    Use: Potion            |     2 |     3 |       |     1 ||     6
         Scroll            |     1 |     4 |     7 |     3 ||    15
 Armour: Leather armour    |     4 |       |       |       ||     4
         Ring mail         |     4 |    43 |    12 |       ||    59
         Robe              |       |       |     9 |    30 ||    39
  Dodge: Dodged            |    25 |    40 |    40 |    62 ||   167
  Block: Other             |       |       |    18 |    16 ||    34

Table legend:
 A = Non-vault XP
 B = Vault XP
 C = Vault XP percentage of total XP
 D = Non-vault monster count
 E = Vault monster count
 F = Vault count percentage of total count
                 A         B        C        D         E       F
            +---------+---------+-------+---------+---------+-------
      Total |    6182 |     941 |  13.2 |     148 |      10 |   6.3
            +---------+---------+-------+---------+---------+-------
        D:1 |      33 |       0 |   0.0 |      14 |       0 |   0.0
        D:2 |      68 |       0 |   0.0 |      14 |       0 |   0.0
        D:3 |     197 |       0 |   0.0 |      26 |       0 |   0.0
        D:4 |     137 |       0 |   0.0 |      11 |       0 |   0.0
        D:5 |    1067 |     281 |  20.8 |      23 |       1 |   4.2
        D:6 |    1465 |     154 |   9.5 |      19 |       1 |   5.0
        D:7 |    1212 |       0 |   0.0 |      15 |       0 |   0.0
        D:8 |    2003 |     506 |  20.2 |      26 |       8 |  23.5
            +---------+---------+-------+---------+---------+-------
